 Dungeon Crawl Stone Soup version 0.31-a0-1074-g0b22e4e0f1 (webtiles) character file.

Game seed: 17480803190758362301

911 BigPumpCobain the Ruffian (level 7, 0/72 HPs)
             Began as a Troll Shapeshifter on Dec 4, 2023.
             Splashed by a jelly's acid (12 damage)
             ... on level 6 of the Dungeon.
             The game lasted 00:05:24 (3115 turns).

BigPumpCobain the Ruffian (Troll Shapeshifter)      Turns: 3115, Time: 00:05:25

Health: 0/72       AC:  0    Str: 25    XL:     7   Next: 82%
Magic:  6/6        EV:  9    Int:  6    God:
Gold:   201        SH:  5    Dex:  9    Spells: 6/6 levels left

rFire   . .          .
                       - Unarmed
rCold   . . .        (no shield)
rNeg    . . .        a - +0 animal skin
rPois   .            (helmet currently unavailable)
rElec   .            (cloak currently unavailable)
rCorr   .            (gloves unavailable)
SInv    +            (boots unavailable)
Will    .....        o - amulet of reflection
Stlth   +            n - ring of see invisible
HPRegen 1.12/turn    (no ring)
MPRegen 0.10/turn

%: reflection
@: beast-form, corroded
A: beast (slay +1), large, unfitting armour, claws 3, regeneration 1, shaggy fur
1, tough skin 1
a: Begin Untransformation


You were on level 6 of the Dungeon.
You were a hulking beast.
You visited 1 branch of the dungeon, and saw 6 of its levels.

You collected 201 gold pieces.

Inventory:

Hand Weapons
 h - a +1 dagger of speed
Armour
 a - a +0 animal skin (worn)
Jewellery
 n - a ring of see invisible (left claw)
 o - an amulet of reflection (around neck)
Talismans
 c - a beast talisman
 d - a flux talisman
Scrolls
 b - a scroll of amnesia {unknown}
 g - 4 scrolls of identify {unknown}
 i - a scroll of enchant armour {unknown}
 j - a scroll of poison {unknown}
 k - 5 scrolls of noise {unknown}
 m - 3 scrolls of butterflies {unknown}
 q - a scroll of enchant weapon {unknown}
Potions
 e - 2 potions of curing {unknown}
 f - a potion of ambrosia {unknown}
 l - 2 potions of magic {unknown}
 p - a potion of heal wounds {unknown}


   Skills:
 + Level 5.2 Fighting
 - Level 1.5 Dodging
 + Level 7.0 Unarmed Combat
 - Level 3.0 Shapeshifting


You had 6 spell levels left.
You didn't know any spells.
Your spell library contained the following spells:

 Spells                   Type           Power      Damage    Failure   Level
 Sandblast                Erth           0%         2d4       45%         1
 Passwall                 Tmut/Erth      0%         N/A       58%         2
 Inner Flame              Hex/Fire       0%         N/A       83%         3
 Stone Arrow              Conj/Erth      0%         3d7       83%         3
 Brom's Barrelling Bould  Conj/Erth      0%         2d3       99%         4
 Flame Wave               Conj/Fire      0%         2d4       99%         4
 Sticky Flame             Conj/Fire      0%         2d3       99%         4


Dungeon Overview and Level Annotations

Branches:
Dungeon (7/15)
 Temple: D:4-7

Altars:

Annotations:
D:6 Jeremiah


Innate Abilities, Weirdness & Mutations

You are a hulking beast.
Your limbs bulge with bestial killing power. (Slay +1)
You are too large for most types of armour.
You have claws for hands.
Your natural rate of healing is unusually fast.
You are covered in fur. (AC +1)
You have tough skin. (AC +1)


Message History

There is a stone staircase leading up here.
You mangle the gnoll bouda!!
The gnoll bouda is almost dead.
You scratch the gnoll bouda.
You kill the gnoll bouda!
You claw the bullfrog!
The bullfrog is heavily wounded.
The bullfrog barely misses you. The bullfrog hits you.
You claw the bullfrog!
You kill the bullfrog!
Your Unarmed Combat skill increases to level 7!
Things that are here:
a +0 club; a +0 leather armour
Things that are here:
a +0 club; a +0 leather armour
There is a stone staircase leading up here.
You start resting.
HP restored.
You climb upwards.
Level annotation: Jeremiah The ufetubus barely misses you.
The ufetubus hits you but does no damage.
The ufetubus hits you. x2; The bullfrog hits you!
The ufetubus hits you. You block the ufetubus's attack.
The ufetubus barely misses you. The ufetubus hits you. The jelly hits you.
The acid corrodes you!
You are splashed with acid!
The shadow imp laughs crazily.
The black bear bites you!
The black bear claws you. x2; The bullfrog hits you!
There is a stone staircase leading down, spattered with blood here.
You claw the black bear!
The black bear is heavily wounded.
The ufetubus barely misses you. The ufetubus hits you.
The ufetubus slips past you! The ufetubus hits you.
* * * LOW HITPOINT WARNING * * *
The ufetubus barely misses you. The bullfrog hits you.
* * * LOW HITPOINT WARNING * * *
The jelly hits you.
* * * LOW HITPOINT WARNING * * *
You are splashed with acid!
You die...

#. ..##.. .
.... #. ....
#.. ...#
##..##..## #
.#........#.#
......F5....#..
#.....hhJ......
##......5.#..#.
#........#
#.........5.
#............
##........##.#
##..##..## .#
### ##.# #


You could see a black bear, a bullfrog, a jelly, a shadow imp and 2 ufetubi.

Vanquished Creatures
  An acid dragon (D:7)
  A sky beast (D:6)
  An ogre (D:4)
  A centaur (D:7)
  A phantom (D:7)
  A bullfrog (D:7)
  A scorpion (D:7)
  An electric eel (D:7)
  A gnoll bouda (D:7)
  A jelly (D:7)
  Jessica (D:2)
  An iguana (D:7)
  Robin (D:2)
  11 adders
  A white imp (D:7)
  2 worms (D:3)
  A dart slug (D:4)
  7 orcs
  2 endoplasms
  2 giant cockroaches
  16 goblins
  4 hobgoblins
  3 jackals (D:2)
  2 quokkas
  4 ball pythons (D:3)
  3 bats
  3 frilled lizards
  6 kobolds
  4 rats
84 creatures vanquished.

Notes
Turn   | Place    | Note
-------+----------+-------------------------------------------
     0 | D:1      | BigPumpCobain the Troll Shapeshifter began the quest for
                  | the Orb.
     0 | D:1      | Reached XP level 1. HP: 18/18 MP: 0/0
   177 | D:1      | Reached skill level 1 in Fighting
   223 | D:1      | Reached XP level 2. HP: 18/27 MP: 1/1
   424 | D:1      | Found a faded altar of an unknown god.
   634 | D:2      | Reached XP level 3. HP: 35/35 MP: 2/2
   855 | D:2      | Noticed Jessica
   861 | D:2      | Killed Jessica
   862 | D:2      | Reached skill level 4 in Unarmed Combat
   933 | D:2      | Reached XP level 4. HP: 39/44 MP: 3/3
  1023 | D:2      | Noticed Robin
  1030 | D:2      | Killed Robin
  1542 | D:3      | Reached XP level 5. HP: 52/52 MP: 4/4
  2208 | D:4      | Noticed an ogre
  2215 | D:4      | Killed an ogre
  2216 | D:4      | Reached skill level 5 in Unarmed Combat
  2216 | D:4      | Reached XP level 6. HP: 35/61 MP: 5/5
  2249 | D:4      | You fall into a shaft and drop 3 floors!
  2312 | D:7      | Noticed an acid dragon
  2321 | D:7      | Killed an acid dragon
  2322 | D:7      | Reached skill level 6 in Unarmed Combat
  2322 | D:7      | Reached XP level 7. HP: 70/70 MP: 6/6
  2667 | D:6      | Noticed Jeremiah
  2976 | D:7      | Reached skill level 5 in Fighting
  3102 | D:7      | Reached skill level 7 in Unarmed Combat
  3115 | D:6      | Splashed by a jelly's acid

Illustrated notes

Levels and vault maps discovered:
D:1:      dpeg_arrival_water_fire, layout_basic,
          hellmonk_ecumenical_altar_pennies_from_heaven
D:2:      layout_loops_ring, minmay_crystal_water, minmay_door_square,
          uniq_jessica, uniq_robin
D:3:      layout_basic, hex_medium, nicolae_half_adder
D:4:      layout_basic, nicolae_shop_self_help, uniq_natasha
D:6:      layout_cave_pools, lemuel_coloured_pillars_altar,
          minmay_temple_entry_fiery, st_stairs_5, hangedman_minor_gate_pass,
          uniq_menkaure, uniq_jeremiah
D:7:      layout_basic, nrook_pool_corridor, kb_lookout_dungeons_type

Skill      XL: |  1  2  3  4  5  6  7 |
---------------+----------------------+-----
Fighting       | 1 2 3 4 5 |  5.2
Unarmed Combat | 4 5 6 7 |  7.0
Dodging        | |  1.5
Shapeshifting  | |  3.0

Action                     |  1- 3 |  4- 6 |  7- 9 || total
---------------------------+-------+-------+-------++-------
  Melee: Unarmed           |    63 |   112 |    56 ||   231
         Punch             |     1 |     2 |     3 ||     6
    Use: Potion            |       |     1 |       ||     1
   Stab: Sleeping          |       |     1 |       ||     1
 Armour: Animal skin       |    38 |    59 |    72 ||   169
         Skin              |       |     9 |       ||     9
  Dodge: Dodged            |    33 |    37 |    32 ||   102
  Block: Other             |       |       |    13 ||    13

Table legend: (Time is in decaauts)
 A = Elapsed time spent in this place.
 B = Non-inter-level travel time spent in this place.
 C = Inter-level travel time spent in this place.
 D = Time resting spent in this place.
 E = Time spent auto-exploring this place.
 F = Levels seen in this place.
 G = Mean time per level.
                   A        B        C        D        E       F      G
               +--------+--------+--------+--------+--------+-----+--------+
         Total |   3097 |   3019 |     78 |    117 |   2338 |   6 |  516.2 |
       Dungeon |   3097 |   3019 |     78 |    117 |   2338 |   6 |  516.2 |
               +--------+--------+--------+--------+--------+-----+--------+

Top non-repeatable levels by time:
     D:3: 899 daAuts
     D:7: 767 daAuts
     D:2: 673 daAuts
     D:1: 572 daAuts
     D:6: 93 daAuts
     D:4: 90 daAuts
